 Dungeon Crawl Stone Soup version 0.23-a0-417-gf02c810438 (webtiles) character file.

8806 Pilesh the Cleaver (level 11, -5/97 HPs)
             Began as a Minotaur Fighter on Nov 11, 2018.
             Was a High Priest of Okawaru.
             Slain by Snorg (8 damage)
             ... on level 10 of the Dungeon.
             The game lasted 00:15:23 (8076 turns).

Pilesh the Cleaver (Minotaur Fighter)               Turns: 8076, Time: 00:15:24

Health: -5/97      AC: 21    Str: 29    XL:     11   Next: 14%
Magic:  10/10      EV: 12    Int:  5    God:    Okawaru [*****.]
Gold:   537        SH: 12    Dex: 10    Spells: 10/10 levels left

rFire    . . .     SeeInvis .   a - +2 broad axe
rCold    . . .     Gourm    .   c - +0 shield
rNeg     . . .     Faith    .   e - +3 plate armour
rPois    .         Spirit   .   (helmet restricted)
rElec    .         Reflect  .   (no cloak)
rCorr    .         Harm     .   (no gloves)
MR       .....                  (no boots)
Stlth    ..........             t - amulet of rage
HPRegen  0.26/turn              i - +4 ring of protection
MPRegen  0.12/turn              w - +3 ring of evasion

@: mighty
A: retaliatory headbutt, horns 2
a: Heroism, Finesse, Renounce Religion, Evoke Berserk Rage


You were on level 10 of the Dungeon.
You worshipped Okawaru.
Okawaru was extremely pleased with you.
You were not hungry.

You visited 2 branches of the dungeon, and saw 11 of its levels.

You collected 537 gold pieces.

Inventory:

Hand Weapons
 a - a +2 broad axe (weapon)
Missiles
 s - a throwing net (quivered)
Armour
 c - a +0 shield (worn)
 e - a +3 plate armour (worn)
Jewellery
 g - an uncursed amulet of magic regeneration
 i - a +4 ring of protection (left hand)
 o - an uncursed ring of protection from cold
 t - an amulet of rage (around neck)
 w - a +3 ring of evasion (right hand)
 x - an uncursed ring of ice
 y - a +2 ring of protection
 H - a +2 amulet of reflection {unknown}
Wands
 z - a wand of random effects (12)
 B - a wand of clouds (3)
 C - a wand of polymorph (8)
 I - a wand of disintegration (10)
Scrolls
 l - 4 scrolls of fear
 r - 3 scrolls of teleportation
 u - 3 scrolls of remove curse
 v - a scroll of immolation
 D - a scroll of amnesia
Potions
 b - a potion of invisibility
 h - 3 potions of curing
 j - a potion of haste
 k - 4 potions of lignification
 m - a potion of ambrosia
 n - a potion of mutation {unknown}
 p - 2 potions of resistance
 A - 3 potions of brilliance
 E - 2 potions of degeneration {unknown}
 G - a potion of agility {unknown}
Comestibles
 f - 24 rations


   Skills:
 + Level 9.4 Fighting
 * Level 12.1 Axes
 + Level 9.1 Armour
 + Level 7.6 Dodging
 + Level 9.3 Shields


You had 10 spell levels left.
You didn't know any spells.
Your spell library contained the following spells:

 Spells                   Type           Power        Failure   Level  Hunger
 Magic Dart               Conj           #...         100%        1    ##.....
 Searing Ray              Conj           #.....       100%        2    ###....
 Dazzling Spray           Conj/Hex       #.....       100%        3    ####...
 Force Lance              Conj/Tloc      #.......     100%        4    #####..
 Fulminant Prism          Conj/Hex       #.........   100%        4    #####..
 Iskenderun's Mystic Bla  Conj           #.......     100%        4    #####..


Dungeon Overview and Level Annotations

Branches:
Dungeon (10/15)            Temple (1/1) D:7            Lair (0/6) D:9
    Orc: D:9-12

Altars:
Ashenzari
Cheibriados
Dithmenos
Elyvilon
Fedhas
Gozag
Hepliaklqana
Kikubaaqudgha
Makhleb
Nemelex Xobeh
Okawaru
Qazlal
Ru
Sif Muna
Trog
Uskayaw
Vehumet
Wu Jian
Xom
Yredelemnul
Zin
The Shining One

Annotations:
D:10 Snorg


Innate Abilities, Weirdness & Mutations

You reflexively headbutt those who attack you in melee.
You have a pair of horns on your head.


Message History

* * * LOW HITPOINT WARNING * * *
Snorg completely misses you. Snorg claws you but does no damage.
Snorg closely misses you. You block Snorg's attack. Snorg misses you.
You feel much better. Snorg bites you but does no damage. Snorg claws you!
* * * LOW HITPOINT WARNING * * *
Snorg claws you but does no damage.
You feel very mighty all of a sudden. Snorg bites you!
* * * LOW HITPOINT WARNING * * *
You block Snorg's attack. Snorg claws you but does no damage.
You block Snorg's attack. Snorg completely misses you.
Snorg claws you but does no damage.
You slice Snorg!! You headbutt Snorg!!
Snorg is severely wounded.
Snorg barely misses you. You block Snorg's attack. Snorg claws you!
* * * LOW HITPOINT WARNING * * *
You closely miss Snorg.
Snorg is severely wounded.
Snorg bites you!
You die...

#...........##.#.......#.#.##.))
.#.........#.###.......#.#####...
..........#### #.###. # #.†.
....>......## ##..
........(...#### . ##.
............##.# ... ###..
...........#...#####...= #....
#.............##........ #....
#.......#.......@T...... ...#...
#.......##.............. ...#....
....#####............... ........
.... #............... ........
... ##.............. .......
#(...###........ ....... ......#
#....###. ......# #....#


You could see Snorg (berserk).

Vanquished Creatures
  A two-headed ogre (D:8)
  Joseph (D:8)
  An elephant (D:9)
  A hornet (D:9)
  5 hippogriffs
  Grum (D:10)
  A yak (D:7)
  3 hogs (D:7)
  A wyvern (D:8)
  A human (D:7)
  A basilisk (D:9)
  An eye of draining (D:10)
  2 ice beasts
  3 orc warriors
  A sky beast (D:6)
  A black bear (D:9)
  7 ogres
  2 phantoms (D:6)
  4 wolves (D:10)
  A centaur (D:8)
  A crocodile (D:9)
  4 bullfrogs
  A big kobold (D:8)
  A wyvern zombie (D:8)
  A gnoll sergeant (D:8)
  A wyvern skeleton (D:7)
  2 scorpions
  9 wights
  6 killer bees (D:8)
  5 howler monkeys
  5 crimson imps
  2 bullfrog zombies
  2 quasits
  A centaur zombie (D:5)
  A gnoll shaman (D:7)
  2 hounds
  3 jellies (D:6)
  A centaur skeleton (D:9)
  7 orc priests
  A bullfrog skeleton (D:4)
  4 iguanas
  10 orc wizards
  5 worker ants
  A killer bee zombie (D:8)
  2 hound skeletons
  2 howler monkey zombies (D:4)
  7 worker ant zombies
  13 gnolls
  A howler monkey skeleton (D:4)
  12 adders
  2 shadow imps (D:5)
  2 oozes
  6 adder zombies
  5 adder skeletons
  4 worms
  2 dart slugs
  5 leopard geckos
  38 orcs
  2 ball pythons
  8 bats
  6 giant cockroaches
  14 goblins
  9 hobgoblins
  15 jackals
  15 kobolds
  5 quokkas
  A ball python skeleton (D:4)
  7 frilled lizards
  2 jackal skeletons
  A leopard gecko skeleton (D:5)
  3 leopard gecko zombies
  A quokka skeleton (D:8)
  A quokka zombie (D:9)
  8 rats
  A butterfly (D:7)
  A fungus (D:9)
  A plant (D:9)
317 creatures vanquished.

Vanquished Creatures (others)
  A leopard gecko (D:3)
1 creature vanquished.

Grand Total: 318 creatures vanquished

Notes
Turn   | Place    | Note
-------+----------+-------------------------------------------
     0 | D:1      | Pilesh the Minotaur Fighter began the quest for the Orb.
     0 | D:1      | Reached XP level 1. HP: 19/19 MP: 0/0
    20 | D:1      | Reached XP level 2. HP: 27/27 MP: 1/1
    25 | D:1      | Reached skill level 3 in Axes
   134 | D:1      | Reached XP level 3. HP: 33/33 MP: 2/2
   211 | D:1      | Reached skill level 1 in Dodging
   904 | D:2      | Reached XP level 4. HP: 40/40 MP: 3/3
  1093 | D:2      | Found a basalt altar of Yredelemnul.
  1601 | D:3      | Reached skill level 4 in Axes
  1726 | D:3      | Reached XP level 5. HP: 4/46 MP: 4/4
  2098 | D:3      | Found a deep blue altar of Sif Muna.
  2793 | D:4      | Reached XP level 6. HP: 52/53 MP: 5/5
  2797 | D:4      | Reached skill level 5 in Axes
  3110 | D:4      | Reached skill level 5 in Shields
  3187 | D:4      | Reached skill level 5 in Fighting
  3187 | D:4      | Reached skill level 5 in Armour
  3316 | D:5      | Entered Level 5 of the Dungeon
  3319 | D:5      | Reached XP level 7. HP: 61/61 MP: 6/6
  3441 | D:5      | Found a snail-covered altar of Cheibriados.
  3629 | D:5      | Reached skill level 6 in Axes
  4003 | D:5      | Found an iron altar of Okawaru.
  4015 | D:5      | Became a worshipper of Warmaster Okawaru
  4089 | D:6      | Found a sacrificial altar of Ru.
  4124 | D:6      | Reached * piety under Okawaru
  4140 | D:6      | Found a shattered altar of Ashenzari.
  4151 | D:6      | Reached XP level 8. HP: 66/70 MP: 7/7
  4235 | D:6      | Reached skill level 7 in Axes
  4794 | D:6      | Reached skill level 8 in Axes
  4890 | D:7      | Reached ** piety under Okawaru
  4906 | D:7      | Reached XP level 9. HP: 53/78 MP: 8/8
  4907 | D:7      | Reached skill level 5 in Dodging
  5026 | D:7      | Reached skill level 9 in Axes
  5510 | D:7      | Reached *** piety under Okawaru
  5717 | D:7      | Reached skill level 10 in Axes
  5740 | D:7      | Found a staircase to the Ecumenical Temple.
  5755 | Temple   | Entered the Ecumenical Temple
  6080 | D:8      | Reached **** piety under Okawaru
  6080 | D:8      | Reached XP level 10. HP: 86/88 MP: 9/9
  6219 | D:8      | Noticed Joseph
  6248 | D:8      | Killed Joseph
  6495 | D:8      | Noticed a two-headed ogre
  6505 | D:8      | Killed a two-headed ogre
  6505 | D:8      | Received a gift from Okawaru
  6505 | D:8      | Reached skill level 11 in Axes
  6807 | D:8      | Reached ***** piety under Okawaru
  7194 | D:9      | Found a glowing silver altar of Zin.
  7235 | D:9      | Found a blossoming altar of Fedhas.
  7247 | D:9      | Found a staircase to the Lair.
  7247 | D:9      | Noticed an elephant
  7268 | D:9      | Killed an elephant
  7268 | D:9      | Reached XP level 11. HP: 64/97 MP: 10/10
  7839 | D:10     | Entered Level 10 of the Dungeon
  7863 | D:10     | Reached skill level 12 in Axes
  7874 | D:10     | Noticed Grum
  7883 | D:10     | Killed Grum
  8057 | D:10     | Noticed Snorg
  8075 | D:10     | HP: 3/97 [Snorg (9)]
  8076 | D:10     | Slain by Snorg

Vault maps used:
D:1:      mrwooster_arrival_statue_3
D:2:      lemuel_round_altar
D:3:      led_sif_pool, lemuel_flame_loot_1
D:4:      first_ration, serial_undead, serial_undead_e, serial_undead_d,
          serial_undead_c, serial_undead_d, serial_undead_a, serial_undead_c,
          serial_undead_a
D:5:      lemuel_coloured_pillars_altar, cheibrodos_worm_habitat,
          grunt_ministairs_9, kennysheep_generic_room_13
D:6:      mumra_celtic_spiral_tile, nicolae_ru_great_annihilating_truth,
          evilmike_ruin_ashenzari
D:7:      minmay_temple_entry_butterflies, grunt_livestock
D:8:      corexii_shack_village, uniq_joseph
D:9:      old_standard_altar, lemuel_crystal_altar, david_lair_generic,
          grunt_ministairs_10
D:10:     uniq_grum, uniq_snorg
Temple:   zaba_magenta_temple

Skill      XL: |  1  2  3  4  5  6  7  8  9 10 11 |
---------------+----------------------------------+-----
Axes           | 3 4 5 6 8 10 11 12 | 12.1
Shields        | 4 5 6 8 9 |  9.3
Dodging        | 1 2 3 4 6 7 |  7.6
Fighting       | 4 5 6 8 9 |  9.4
Armour         | 4 5 6 7 9 |  9.1

Action                   |  1- 3 |  4- 6 |  7- 9 | 10-12 || total
-------------------------+-------+-------+-------+-------++-------
Melee: War axe           |    89 |   205 |   185 |       ||   479
       Headbutt          |    10 |    32 |    62 |    45 ||   149
       Broad axe         |       |       |   119 |   221 ||   340
Invok: Heroism           |       |       |       |     1 ||     1
 Abil: Evoke Berserk Rag |       |       |       |     1 ||     1
  Use: Scroll            |       |    12 |     9 |     2 ||    23
       Potion            |       |     1 |       |     2 ||     3
 Stab: Paralysed         |       |       |     1 |       ||     1
  Eat: Chunk             |       |     8 |     9 |     8 ||    25
Armor: Plate armour      |    70 |   132 |   161 |   216 ||   579
Dodge: Dodged            |    18 |    34 |   106 |   120 ||   278
Block: Shield            |    53 |    96 |   183 |   191 ||   523

Table legend:
 A = Non-vault XP
 B = Vault XP
 C = Vault XP percentage of total XP
 D = Non-vault monster count
 E = Vault monster count
 F = Vault count percentage of total count
                 A         B        C        D         E       F
            +---------+---------+-------+---------+---------+-------
      Total |    9132 |    3449 |  27.4 |     263 |      51 |  16.2
            +---------+---------+-------+---------+---------+-------
        D:1 |      65 |       0 |   0.0 |      27 |       0 |   0.0
        D:2 |      70 |       0 |   0.0 |      29 |       0 |   0.0
        D:3 |     145 |       0 |   0.0 |      28 |       0 |   0.0
        D:4 |     277 |     171 |  38.2 |      15 |      16 |  51.6
        D:5 |     188 |      40 |  17.5 |      11 |       2 |  15.4
        D:6 |    1331 |      58 |   4.2 |      34 |       4 |  10.5
        D:7 |    1937 |    1000 |  34.0 |      46 |       5 |   9.8
        D:8 |    3146 |     480 |  13.2 |      43 |      11 |  20.4
        D:9 |    1470 |    1036 |  41.3 |      20 |       8 |  28.6
       D:10 |     503 |     664 |  56.9 |      10 |       5 |  33.3
            +---------+---------+-------+---------+---------+-------
